Map: Usina Ácida LE

Players

IagoAbreu - Winner!

  • Race: Terran Terran
  • League: Silver
  • Spawn Location: 5:00

BJR

  • Race: Terran Terran
  • League: Bronze
  • Spawn Location: 11:00

VOD

Have the link to the VOD?

Description

Time

  • Played on: March 8, 2018, 12:10 p.m.
  • Length: 15:45
Show
View Real Time Build Order
Export as new Build Order

IagoAbreu Terran - Winner!

Build Orders:  

Get SALT Encoding   

  12  0:10  Supply Depot  
  12  0:13  SCV  
  13  0:25  SCV  
  14  0:33  Supply Depot  
  14  0:38  SCV  
  15  0:48  Barracks  
  15  0:53  SCV  
  16  1:07  Engineering Bay  
  16  1:11  Refinery  
  16  1:13  Refinery  
  16  1:19  SCV  
  17  1:31  SCV  
  18  1:52  SCV  
  19  1:57  Marine  
  20  2:06  SCV  
  21  2:10  Terran Infantry Weapons Level 1  
  21  2:15  Marine  
  22  2:20  Factory  
  22  2:33  Marine  
  22  2:35  Orbital Command  
  23  2:44  Missile Turret  
  23  2:50  Marine, Missile Turret  
  24  3:05  SCV  
  25  3:20  Factory Reactor  
  25  3:25  Starport  
  25  3:29  Starport  
  25  3:32  Missile Turret  
  25  3:43  SCV, Bunker  
  25  3:44  Barracks Reactor  
  26  4:00  Widow Mine  
  26  4:01  Widow Mine  
  30  4:09  Armory  
  30  4:11  Starport Reactor x2  
  30  4:17  Barracks Tech Lab  
  30  4:28  Missile Turret  
  30  4:32  Missile Turret  
  30  4:56  Supply Depot  
  30  4:57  Supply Depot  
  30  4:58  Supply Depot  
  30  5:04  Widow Mine x2  
  34  5:24  Marauder  
  36  5:42  Widow Mine x2  
  40  5:46  Marauder  
  42  6:08  Command Center  
  42  6:19  Liberator x2  
  42  6:27  Marauder  
  42  6:29  Widow Mine x2  
  54  6:45  Terran Vehicle Weapons Level 1  
  54  6:47  Terran Infantry Weapons Level 2  
  54  7:09  Widow Mine x2  
  58  7:22  Refinery  
  58  7:24  Refinery  
  58  7:32  Medivac x2  
  62  7:38  Viking  
  64  8:07  Marauder  
  64  8:12  Viking x2  
  70  8:30  Orbital Command  
  70  8:47  Liberator x2  
  70  9:03  Liberator  
  76  9:22  Supply Depot  
  79  9:28  Terran Infantry Armor Level 1  
  79  9:30  Terran Ship Weapons Level 1  
  79  9:36  Supply Depot  
  79  9:45  Supply Depot  
  79  9:47  Siege Tank  
  79  9:49  Marine  
  79  9:50  Marine  
  84  10:00  Supply Depot  
  84  10:07  Marine  
  84  10:08  Marine, Supply Depot  
  86  10:19  SCV  
  87  10:23  Supply Depot  
  87  10:25  Marine x2  
  89  10:31  SCV  
  90  10:43  Marine x2, SCV  
  93  10:55  SCV  
  94  11:07  SCV  
  89  11:37  Viking x4  
  88  11:40  Cyclone  
  88  11:45  Marine x2  
  93  11:48  Terran Infantry Weapons Level 3  
  93  11:52  Terran Ship Weapons Level 2  
  93  12:03  Marine x2  
  95  12:12  Cyclone  
  98  12:21  Marine x2  
  100  12:31  SCV  
  101  12:39  Marine x2  
  101  12:44  SCV, Cyclone  
  107  12:56  SCV  
  108  13:05  Command Center  
  108  13:06  Viking  
  108  13:07  Viking x3  
  108  13:08  SCV  
  117  13:20  SCV  
  118  14:02  Viking x4  
  126  14:04  Marine x2  
  128  14:11  Siege Tank  
  131  14:22  Marine x2  
  131  14:23  Orbital Command  
  133  14:39  Marine  
  133  14:40  Marine  
  133  14:43  Siege Tank  
  132  14:57  Marine x2  
  119  15:11  Viking x3  
  119  15:12  Viking  
  122  15:20  Marine x2  
Show
View Real Time Build Order
Export as new Build Order

BJR Terran 

Build Orders:  

Get SALT Encoding   

  12  0:10  SCV  
  13  0:22  SCV  
  14  0:31  Supply Depot  
  14  0:39  Supply Depot  
  14  0:54  Supply Depot  
  14  1:05  Barracks  
  14  1:18  Barracks  
  14  1:56  Supply Depot  
  14  2:04  Supply Depot  
  14  2:32  Refinery  
  14  2:37  Orbital Command  
  14  2:55  Marine  
  14  2:56  Marine  
  16  3:13  Marine  
  16  3:14  Marine  
  18  3:31  Marine  
  18  3:32  Marine  
  20  3:49  Marine x2  
  20  3:53  Barracks  
  22  4:07  Marine x2  
  24  4:50  Marine x2  
  24  4:51  Marine  
  27  5:07  Refinery  
  27  5:08  Marine x3  
  30  5:22  SCV  
  30  5:26  Marine x3  
  34  5:34  SCV  
  35  5:43  Marine  
  35  5:44  Marine x2  
  35  5:45  Factory  
  35  5:46  SCV  
  39  5:59  SCV  
  39  6:01  Marine  
  39  6:02  Marine x2  
  43  6:11  SCV  
  44  7:05  Engineering Bay  
  44  7:12  Factory Tech Lab  
  44  7:19  Starport  
  44  7:40  Sensor Tower  
  44  8:23  Fusion Core  
  44  8:31  Starport Tech Lab  
  44  9:12  Weapon Refit  
  44  10:00  Bunker  
  44  10:12  Battlecruiser  
  50  10:23  Marine  
  50  10:24  Marine x2  
  53  10:32  Bunker  
  53  10:41  Marine x2  
  55  11:03  Marine  
  55  11:04  Marine x2  
  16  11:21  Marine  
  16  11:22  Marine x2  
  17  11:39  Marine x2  
  18  11:40  Marine  
  18  11:45  SCV  
  21  11:55  Battlecruiser  
  21  11:57  Marine  
  21  11:58  SCV  
  29  12:10  SCV  
  30  12:22  SCV  
  31  12:34  SCV  
  32  13:36  SCV  
  33  13:48  SCV  
  34  14:00  SCV  
  35  14:12  SCV  
  36  14:24  SCV  
  37  14:36  SCV  
  38  14:48  SCV  
  39  15:01  SCV  
Tags
 
Add a new tag
Caveats
  • Supply blocks, unpowered buildings, or Contaminate may cause inaccurate times.
  • Supply counts are checked every 10 seconds.